Map: [ESL] Radhuset Station

Players

Serral - Winner!

  • Race: Zerg Zerg
  • Spawn Location: 1:00

Clem

  • Race: Terran Terran
  • Spawn Location: 7:00

Event: ESL SC2 Masters 2023 Winter (Regional)

VOD

Have the link to the VOD?

Description

Time

  • Played on: Nov. 19, 2023, 11:39 a.m.
  • Length: 24:50

All games in this series

Show
View Real Time Build Order
Export as new Build Order

Serral Zerg - Winner!

Build Orders: Hatch First 

Get SALT Encoding   

  12  0:00  Drone  
  13  0:12  Overlord  
  13  0:17  Drone  
  14  0:30  Drone x2  
  16  0:48  Hatchery  
  15  0:52  Drone  
  15  0:55  Drone  
  17  0:58  Drone  
  18  1:10  Extractor  
  17  1:15  Spawning Pool  
  17  1:17  Drone  
  17  1:20  Drone  
  18  1:27  Drone  
  19  1:38  Drone  
  20  1:48  Drone  
  21  2:01  Queen x2  
  21  2:02  Drone  
  21  2:03  Zergling x2  
  27  2:11  Overlord  
  27  2:12  Drone  
  28  2:25  Hatchery  
  28  2:28  Drone  
  28  2:34  Drone  
  29  2:41  Drone x2  
  29  2:44  Metabolic Boost  
  31  2:48  Queen  
  33  2:52  Overlord  
  33  2:54  Drone  
  33  2:57  Drone  
  35  2:59  Drone  
  35  3:04  Overlord  
  36  3:11  Drone x4  
  40  3:15  Drone  
  40  3:19  Queen  
  43  3:25  Queen  
  43  3:26  Drone  
  46  3:31  Zergling x2  
  46  3:32  Zergling x2  
  48  3:36  Overlord  
  48  3:38  Drone  
  48  3:40  Queen  
  51  3:44  Overlord  
  51  3:48  Zergling x4  
  53  3:49  Drone  
  53  3:52  Drone  
  53  3:53  Drone  
  56  3:58  Drone x4  
  60  4:06  Drone x2  
  64  4:12  Drone x2  
  64  4:15  Overlord  
  64  4:17  Drone x3  
  68  4:19  Overlord  
  69  4:24  Overlord  
  67  4:33  Lair  
  67  4:35  Drone x7  
  74  4:42  Drone x2  
  74  4:43  Roach Warren  
  74  4:45  Extractor  
  74  4:46  Extractor, Drone  
  74  4:50  Overlord  
  74  4:51  Drone  
  75  4:54  Drone x2  
  75  4:59  Zergling x4  
  80  5:00  Zergling x2, Drone  
  80  5:01  Drone x2, Hatchery  
  80  5:04  Drone  
  83  5:07  Drone, Extractor  
  83  5:09  Extractor, Overlord  
  83  5:11  Evolution Chamber  
  83  5:14  Drone x3  
  83  5:17  Zergling x2  
  85  5:23  Roach x2  
  85  5:26  Roach x3  
  95  5:29  Roach x4  
  95  5:31  Drone x2  
  105  5:36  Extractor, Zerg Ground Armor Level 1  
  105  5:38  Overseer, Overlord  
  105  5:41  Roach  
  106  5:43  Overlord x2  
  106  5:45  Overlord  
  106  5:46  Overlord  
  106  5:55  Infestation Pit  
  105  5:57  Drone  
  105  5:58  Evolution Chamber  
  105  5:59  Drone  
  105  6:03  Drone x6  
  112  6:05  Drone x3  
  112  6:08  Drone  
  116  6:12  Drone, Spore Crawler x2  
  116  6:14  Baneling Nest  
  116  6:15  Drone x3  
  116  6:17  Glial Reconstitution  
  117  6:19  Drone  
  117  6:25  Zerg Melee Weapons Level 1  
  118  6:26  Drone x4  
  118  6:28  Drone x2  
  124  6:33  Drone x2  
  124  6:35  Hive  
  124  6:39  Drone x3  
  129  6:43  Drone x3  
  129  6:45  Extractor, Queen  
  129  6:46  Extractor  
  132  6:48  Overseer  
  132  6:49  Overlord  
  132  6:55  Roach x4  
  132  6:57  Centrifugal Hooks  
  132  7:00  Overlord  
  140  7:02  Overlord x2  
  140  7:03  Overlord  
  140  7:09  Roach x5  
  150  7:17  Overlord x2  
  150  7:21  Roach x2  
  150  7:22  Ravager x3  
  157  7:25  Drone  
  157  7:26  Roach x3  
  157  7:27  Roach  
  165  7:30  Zergling x2  
  165  7:31  Zergling x12  
  165  7:36  Zerg Ground Armor Level 2  
  165  7:37  Hatchery  
  171  7:41  Zergling x10  
  175  7:49  Adrenal Glands, Viper x2  
  181  7:52  Ultralisk Cavern  
  180  7:58  Overlord  
  180  8:00  Zergling x18  
  189  8:07  Overseer  
  189  8:09  Zergling x10  
  187  8:20  Zerg Melee Weapons Level 2  
  187  8:26  Baneling x8  
  188  8:27  Drone  
  188  8:28  Pneumatized Carapace  
  188  8:33  Baneling x3, Overlord  
  188  8:34  Baneling  
  188  8:35  Zergling x8, Baneling x3  
  188  8:36  Overlord  
  190  8:42  Drone x2  
  192  8:51  Queen x3  
  192  8:58  Zergling x16  
  192  9:02  Chitinous Plating  
  199  9:10  Overlord  
  199  9:13  Spore Crawler  
  199  9:15  Overseer, Overlord  
  199  9:16  Overlord x2  
  198  9:24  Ultralisk  
  198  9:26  Baneling x4  
  198  9:28  Burrow  
  197  9:37  Zergling x10  
  197  9:42  Zergling x20, Ultralisk x2  
  197  9:43  Zergling x2  
  199  9:46  Baneling x4  
  192  9:53  Zergling x18  
  192  9:55  Zerg Ground Armor Level 3  
  192  9:56  Zergling x4  
  191  10:09  Zergling x4, Ultralisk  
  197  10:21  Anabolic Synthesis  
  197  10:22  Hatchery  
  187  10:29  Zergling x4  
  187  10:30  Zergling x26  
  187  10:31  Overseer  
  187  10:32  Infestor x2  
  187  10:35  Zergling x10, Hatchery  
  199  10:36  Overseer  
  199  10:43  Zerg Melee Weapons Level 3  
  199  10:49  Drone  
  196  10:50  Drone x3  
  196  10:55  Baneling  
  196  10:56  Baneling x15  
  198  11:02  Zergling x2  
  199  11:08  Overlord  
  199  11:09  Overlord  
  199  11:13  Neural Parasite  
  199  11:14  Spire  
  199  11:18  Drone  
  198  11:44  Zergling x12  
  198  11:45  Zergling x8  
  191  11:48  Zergling x2  
  191  11:49  Zergling x16  
  191  11:54  Zergling x24  
  199  12:00  Baneling  
  199  12:01  Baneling x5  
  192  12:03  Infestor x3  
  198  12:13  Spore Crawler  
  196  12:26  Infestor  
  192  12:32  Zerg Missile Weapons Level 1, Overseer, Overlord  
  192  12:35  Drone  
  192  12:36  Zergling x8, Ultralisk  
  199  12:47  Drone x2  
  195  12:53  Zergling x30  
  195  12:56  Zergling x14  
  199  13:03  Infestor  
  199  13:09  Baneling x7  
  195  13:13  Zergling x18, Infestor  
  195  13:17  Baneling x14  
  188  13:27  Drone x3, Zerg Flyer Weapons Level 1  
  188  13:28  Zergling x6, Ultralisk  
  188  13:29  Infestor  
  188  13:31  Baneling x8  
  196  13:43  Zergling x6  
  198  13:54  Viper x2  
  182  13:59  Zergling x34  
  182  14:00  Zergling x10  
  182  14:02  Zergling x14  
  187  14:10  Infestor x2  
  187  14:13  Zergling x24  
  199  14:23  Infestor  
  196  14:25  Baneling x17  
  196  14:31  Corruptor  
  189  14:33  Baneling x2  
  189  14:34  Baneling x4  
  189  14:35  Overlord x3  
  189  14:37  Zergling x10, Overseer  
  199  14:43  Overseer  
  199  14:48  Infestor  
  199  14:50  Drone  
  199  14:51  Infestor, Spore Crawler  
  198  14:57  Infestor  
  190  15:00  Drone x4  
  190  15:04  Hatchery  
  190  15:05  Baneling x6  
  190  15:06  Zergling x14  
  195  15:21  Zerg Flyer Armor Level 1  
  176  15:37  Zergling x32  
  176  15:38  Zergling x18  
  186  15:43  Drone x11  
  186  15:47  Zergling x2  
  186  15:49  Zergling x8  
  199  15:53  Zergling x8  
  196  16:00  Zergling x2  
  196  16:01  Zergling x10  
  192  16:07  Drone  
  192  16:08  Baneling  
  192  16:09  Baneling x10  
  192  16:10  Zergling x2  
  192  16:11  Zergling x10  
  190  16:17  Ravager  
  190  16:18  Ravager x2  
  187  16:20  Drone x3  
  187  16:23  Ultralisk x2  
  187  16:25  Baneling x8  
  199  16:26  Infestor  
  199  16:36  Overseer  
  198  16:49  Overlord x3  
  198  16:50  Overseer x3  
  198  16:54  Infestor  
  197  16:56  Infestor  
  182  17:13  Zergling x30, Ultralisk x2  
  182  17:14  Zergling x4  
  188  17:20  Drone  
  188  17:21  Drone x3  
  188  17:22  Drone x5  
  196  17:30  Infestor x2  
  196  17:31  Baneling  
  196  17:32  Baneling  
  196  17:33  Baneling x6, Zerg Missile Weapons Level 2  
  198  17:39  Zergling x4  
  198  17:40  Overlord  
  198  17:43  Zerg Flyer Weapons Level 2  
  199  17:51  Overseer  
  199  17:54  Infestor x2  
  199  18:03  Spore Crawler x2  
  197  18:06  Baneling x7  
  197  18:08  Zergling x6  
  198  18:23  Infestor  
  198  18:26  Infestor  
  188  18:36  Drone x5  
  190  18:45  Extractor  
  190  18:46  Drone x3, Extractor  
  191  18:49  Drone x3  
  191  18:50  Zergling x14  
  198  19:05  Zergling x8  
  184  19:24  Zergling x34, Ultralisk  
  184  19:30  Baneling x7  
  198  19:49  Zergling x2  
  198  19:52  Infestor  
  187  20:11  Zergling x44  
  193  20:23  Zergling x14  
  193  20:26  Infestor  
  200  20:32  Zergling x4, Ultralisk  
  200  20:33  Zergling x4  
  175  20:43  Zergling x2, Ultralisk  
  175  20:44  Zergling x32  
  189  20:54  Zergling x22  
  189  20:55  Extractor x2  
  198  21:06  Zergling x8  
  188  21:14  Corruptor x6  
  199  21:21  Baneling x9  
  199  21:22  Baneling  
  198  21:29  Infestor  
  198  21:44  Drone x2  
  199  22:05  Hatchery  
  184  22:09  Zergling x28, Ultralisk  
  184  22:14  Infestor  
  187  22:21  Zergling x4, Ultralisk  
  199  22:32  Infestor  
  199  22:33  Baneling x10  
  193  22:40  Zergling x24  
  176  22:54  Zergling x10  
  176  22:55  Zergling x28  
  185  23:02  Zergling x28  
  177  23:13  Zergling x2, Ultralisk x2  
  177  23:14  Zergling x12  
  177  23:19  Baneling x11  
  190  23:27  Zergling x2  
  190  23:28  Zergling x16  
  181  23:42  Drone x3  
  181  23:45  Drone x3  
  181  23:46  Drone  
  181  23:47  Drone x3  
  181  23:48  Infestor x4  
  189  23:52  Hatchery  
  189  23:53  Baneling x7  
  194  23:59  Infestor, Ultralisk  
  198  24:06  Overseer x2  
  198  24:07  Baneling x8  
  191  24:18  Zergling x2  
  191  24:19  Zergling x16  
  192  24:28  Zergling x2  
  192  24:29  Zergling x30  
Show
View Real Time Build Order
Export as new Build Order

Clem Terran 

Build Orders: Reaper Expand 

Get SALT Encoding   

  12  0:01  SCV  
  13  0:13  SCV  
  14  0:17  Supply Depot  
  14  0:26  SCV  
  15  0:39  SCV  
  15  0:40  Barracks  
  16  0:46  Refinery  
  16  0:51  SCV  
  17  1:03  SCV  
  18  1:15  SCV  
  19  1:27  Orbital Command  
  19  1:28  Reaper  
  20  1:41  Command Center  
  20  1:48  Supply Depot  
  20  1:53  SCV  
  21  2:00  Marine  
  22  2:06  SCV  
  23  2:12  Factory  
  23  2:18  SCV  
  24  2:24  Barracks Reactor  
  24  2:30  SCV  
  25  2:42  Command Center  
  25  2:43  SCV  
  26  2:52  Orbital Command  
  26  2:55  SCV  
  27  3:04  Barracks  
  27  3:07  SCV  
  27  3:09  Barracks Tech Lab  
  28  3:13  Hellion  
  28  3:17  Hellion  
  32  3:20  SCV  
  32  3:21  SCV  
  34  3:27  Marine  
  34  3:28  Refinery  
  34  3:32  SCV  
  34  3:33  Stimpack  
  36  3:35  SCV  
  37  3:44  SCV  
  37  3:46  Marine  
  37  3:47  SCV  
  40  3:54  Orbital Command, Starport  
  40  3:56  SCV  
  40  3:58  Factory Reactor  
  40  3:59  SCV  
  40  4:01  Marine x2  
  44  4:08  SCV  
  44  4:09  Marine  
  46  4:11  SCV  
  47  4:18  Supply Depot  
  47  4:19  Marine x2  
  47  4:21  SCV x2  
  47  4:23  SCV  
  52  4:27  Marine  
  53  4:33  SCV x2  
  53  4:35  SCV  
  53  4:36  Marine  
  53  4:37  Marine  
  58  4:39  Medivac x2  
  58  4:44  Marine  
  58  4:45  Factory Reactor, SCV x2  
  62  4:47  Barracks, Refinery  
  62  4:48  Supply Depot, SCV  
  63  4:54  Marine x2  
  63  4:57  SCV  
  63  4:58  Refinery  
  66  5:00  SCV  
  66  5:01  Engineering Bay x2  
  66  5:04  Orbital Command  
  66  5:05  Marine  
  68  5:09  SCV  
  68  5:10  Supply Depot  
  68  5:12  Marine, SCV  
  71  5:15  Marine  
  71  5:18  Supply Depot  
  72  5:21  Combat Shield, SCV  
  72  5:24  SCV  
  72  5:26  Widow Mine  
  76  5:30  SCV  
  76  5:31  Missile Turret  
  76  5:32  Widow Mine  
  76  5:33  Terran Infantry Weapons Level 1, Terran Infantry Armor Level 1, SCV  
  80  5:38  SCV, Supply Depot  
  81  5:43  Starport Reactor, SCV  
  81  5:44  Supply Depot  
  81  5:45  Missile Turret  
  81  5:48  Marine  
  81  5:49  SCV  
  84  5:50  Missile Turret, Marine  
  84  5:51  Marine  
  84  5:53  Marine x2  
  84  5:56  SCV x2  
  88  6:03  SCV  
  91  6:04  Supply Depot  
  91  6:06  Marine  
  91  6:10  Barracks, SCV  
  93  6:12  Barracks  
  93  6:14  Marine x3  
  93  6:15  Marine  
  93  6:18  Supply Depot, SCV  
  96  6:20  SCV  
  96  6:22  Factory Tech Lab, SCV  
  96  6:24  Marine  
  99  6:28  Supply Depot  
  99  6:30  SCV  
  99  6:31  Factory, Refinery  
  100  6:33  Medivac x2  
  100  6:37  Supply Depot, Marine x2  
  100  6:39  Marine x2  
  108  6:41  SCV  
  108  6:42  Marine  
  108  6:46  Widow Mine  
  112  6:49  Armory  
  112  6:50  Supply Depot  
  112  6:52  SCV  
  113  6:54  Marine  
  113  6:57  Barracks Reactor, Supply Depot  
  113  6:59  Barracks Reactor  
  114  7:05  SCV x2  
  114  7:07  Siege Tank, Refinery  
  119  7:09  Command Center  
  119  7:11  Marine x2  
  121  7:17  Medivac x2  
  121  7:18  Factory Tech Lab  
  121  7:20  Marine x2  
  121  7:21  Marine, Supply Depot  
  121  7:22  Marine  
  129  7:25  Factory Reactor  
  129  7:26  Marine  
  128  7:32  Marine  
  128  7:35  Marine x2  
  130  7:42  Terran Infantry Weapons Level 2, Terran Infantry Armor Level 2, Marine x2  
  130  7:43  Marine x2  
  130  7:44  Siege Tank, Marine  
  135  7:45  Drilling Claws  
  135  7:46  Marine  
  135  7:50  Marine  
  135  7:51  Medivac  
  142  7:52  SCV x3  
  142  7:53  Marine x2  
  142  7:56  Supply Depot  
  147  8:00  Marine x2  
  147  8:01  Marine  
  147  8:02  Widow Mine  
  147  8:03  Widow Mine  
  147  8:04  Medivac  
  147  8:05  Marine  
  157  8:07  Marine  
  157  8:12  Marine  
  157  8:13  Marine  
  157  8:14  Marauder, Marine  
  157  8:17  Hellion  
  157  8:18  Marine x2  
  165  8:21  Barracks  
  163  8:28  Barracks, Marine x3, Widow Mine  
  163  8:29  Barracks  
  170  8:34  Widow Mine  
  170  8:35  Marine x3  
  170  8:37  Marauder  
  170  8:39  Widow Mine  
  170  8:40  Medivac  
  179  8:41  Terran Vehicle And Ship Armor Level 1  
  179  8:43  Marine x2  
  179  8:44  SCV  
  179  8:45  SCV x2  
  179  8:47  Marine x2  
  186  8:53  Widow Mine  
  188  8:57  Planetary Fortress  
  188  9:00  Sensor Tower  
  188  9:18  Barracks Tech Lab x2  
  188  9:20  Marine  
  188  9:21  SCV, Marine  
  188  9:22  Marine x4, SCV  
  188  9:23  Barracks Tech Lab  
  188  9:24  Supply Depot  
  187  9:26  Marine  
  187  9:27  Supply Depot  
  187  9:29  Marine  
  188  9:31  Widow Mine  
  188  9:33  Widow Mine  
  188  9:34  Medivac, Marauder  
  188  9:36  Liberator, Widow Mine  
  188  9:37  Marine x2  
  188  9:38  Marine  
  182  9:39  Marine  
  182  9:40  Marine  
  182  9:42  Marine x3  
  182  9:47  Command Center  
  182  9:48  Marine, SCV  
  174  9:52  Widow Mine  
  174  9:53  Marine  
  174  9:54  Marine  
  174  9:55  Widow Mine  
  174  9:57  Marine x3  
  174  9:58  Marine, Widow Mine  
  172  10:00  Concussive Shells, Marauder x2  
  172  10:04  Medivac  
  174  10:08  Marine  
  174  10:12  Refinery  
  174  10:13  Terran Infantry Weapons Level 3, Refinery  
  174  10:14  Widow Mine  
  174  10:16  Widow Mine  
  174  10:19  Medivac, Widow Mine  
  176  10:25  Marauder  
  176  10:26  Marauder  
  176  10:27  Ghost Academy  
  174  10:31  Marauder, Marine  
  174  10:34  Medivac  
  174  10:35  Widow Mine, Marauder  
  180  10:36  Marine x2  
  180  10:37  Cyclone  
  180  10:39  Missile Turret  
  180  10:40  Widow Mine  
  180  10:41  Marine  
  187  10:46  Marauder  
  187  10:47  Marauder  
  187  10:49  Liberator  
  188  10:50  Marine x2  
  188  10:52  Marauder  
  188  10:54  Marine x2  
  188  10:55  SCV x2  
  188  10:56  Marauder  
  188  10:57  Widow Mine  
  198  11:02  Widow Mine  
  198  11:03  Sensor Tower  
  200  11:06  Starport  
  200  11:08  Fusion Core  
  200  11:10  Ghost  
  200  11:14  Terran Infantry Armor Level 3  
  200  11:24  Missile Turret  
  200  11:36  Ghost  
  172  11:47  SCV  
  172  11:50  Marauder x2  
  172  11:51  Marauder, SCV  
  172  11:52  Widow Mine  
  182  11:54  Marine  
  182  11:56  SCV  
  182  11:59  Widow Mine, Marine x3  
  182  12:00  Viking  
  191  12:02  Missile Turret  
  191  12:03  Liberator, Missile Turret, Widow Mine  
  191  12:04  Starport Reactor, Marine  
  191  12:05  SCV  
  191  12:06  Marauder  
  191  12:08  Advanced Ballistics  
  197  12:10  Command Center, SCV  
  197  12:11  Marauder  
  200  12:18  Planetary Fortress  
  200  12:19  Sensor Tower  
  200  12:29  Widow Mine  
  200  12:31  Liberator  
  200  12:32  Marauder x2  
  200  12:33  Widow Mine x2  
  200  12:35  Missile Turret, SCV x2  
  200  12:36  SCV x2  
  199  12:38  Marine  
  191  12:51  Liberator  
  191  12:52  Widow Mine  
  191  12:53  Marauder  
  191  12:56  Ghost x2  
  191  12:57  Ghost  
  188  12:59  Liberator  
  188  13:01  Widow Mine  
  193  13:06  Marine, Widow Mine  
  193  13:07  Marine x2  
  193  13:08  Marine  
  193  13:12  Medivac  
  196  13:14  Marauder, Widow Mine  
  196  13:22  Widow Mine  
  196  13:24  Ghost  
  196  13:25  Marauder  
  196  13:26  Command Center  
  196  13:27  Command Center, Widow Mine, Refinery x2  
  196  13:29  Medivac  
  196  13:43  Fusion Core, Ghost  
  196  13:44  Widow Mine  
  177  13:57  Cyclone, Widow Mine  
  177  13:58  Marine  
  177  13:59  Ghost, Medivac  
  177  14:00  Marine x3  
  180  14:06  Cyclone  
  170  14:11  Marine, Medivac  
  170  14:12  Marine  
  170  14:13  Marine x2  
  153  14:18  Widow Mine  
  153  14:19  Liberator  
  154  14:24  Marine  
  154  14:26  Caduceus Reactor  
  154  14:27  Ghost, Marine x2  
  154  14:29  Marine x2  
  154  14:30  Widow Mine  
  163  14:35  Marine  
  163  14:38  Orbital Command, Command Center, Widow Mine  
  166  14:40  Widow Mine  
  166  14:43  Ghost  
  166  14:44  Marine x2  
  172  14:51  Widow Mine  
  174  14:53  Liberator  
  174  14:59  Widow Mine  
  176  15:01  Widow Mine  
  176  15:04  Missile Turret  
  176  15:05  Sensor Tower, Missile Turret, Refinery  
  173  15:07  Marine  
  173  15:08  Marine  
  173  15:09  Marauder x2, Marine x4  
  173  15:12  Liberator  
  173  15:13  Marine, Widow Mine  
  189  15:21  Widow Mine  
  190  15:22  Liberator  
  190  15:23  Widow Mine, Marauder  
  190  15:24  Liberator  
  200  15:34  Widow Mine  
  200  15:35  Ghost  
  198  15:37  Ghost  
  198  15:41  Marine x2  
  198  15:42  Widow Mine  
  181  15:44  Widow Mine  
  179  15:54  Orbital Command  
  179  15:55  Widow Mine  
  181  16:03  Hellion  
  172  16:05  Widow Mine, SCV  
  172  16:06  SCV  
  166  16:12  Marauder  
  166  16:14  Planetary Fortress  
  166  16:17  Widow Mine, Refinery  
  170  16:20  Ghost  
  170  16:22  Marauder  
  170  16:23  Medivac x2  
  170  16:25  Widow Mine  
  177  16:27  SCV x3, Widow Mine  
  177  16:28  SCV  
  177  16:31  Orbital Command  
  183  16:33  SCV  
  183  16:37  Ghost x2  
  183  16:38  Widow Mine  
  190  16:42  Personal Cloaking, Ghost  
  190  16:45  Marine  
  190  16:46  Widow Mine  
  190  16:47  Marine  
  195  16:48  Widow Mine, SCV  
  195  16:51  Missile Turret, SCV  
  198  17:02  Ghost  
  198  17:08  Widow Mine  
  189  17:10  Widow Mine  
  189  17:11  Ghost  
  189  17:13  Medivac x2  
  189  17:14  Widow Mine  
  189  17:15  Liberator  
  184  17:16  Marauder, Marine x2  
  184  17:18  Marine x2  
  186  17:24  Ghost  
  186  17:25  Marine  
  186  17:29  Liberator, Widow Mine  
  191  17:30  Ghost  
  191  17:31  Marine, Widow Mine  
  191  17:35  Cyclone  
  198  17:38  Starport  
  198  17:50  Widow Mine  
  200  17:55  Command Center  
  200  17:57  Missile Turret  
  200  18:16  Orbital Command  
  199  18:26  Liberator  
  194  18:37  Liberator, Widow Mine  
  194  18:40  Terran Vehicle And Ship Armor Level 2  
  191  18:48  Marauder  
  193  18:53  Liberator  
  196  18:58  Liberator  
  196  19:01  Sensor Tower, Missile Turret  
  199  19:03  Missile Turret x2, Refinery  
  199  19:04  Refinery  
  194  19:10  Orbital Command  
  194  19:12  Command Center  
  194  19:16  Command Center  
  189  19:17  Widow Mine, Marine  
  189  19:22  Liberator  
  193  19:28  Liberator  
  196  19:39  Liberator  
  196  19:42  Ghost  
  199  19:47  Nuke, Ghost Academy  
  197  20:04  Medivac  
  188  20:08  Marauder  
  188  20:12  Liberator x2  
  172  20:16  Widow Mine  
  172  20:17  Missile Turret  
  172  20:20  Sensor Tower, Marauder  
  176  20:23  Cyclone  
  176  20:25  Cyclone, Marine  
  176  20:26  Marauder x2, Marine  
  186  20:28  Medivac  
  162  20:35  Ghost  
  162  20:37  Cyclone  
  162  20:40  Marine  
  162  20:41  Marine x2  
  162  20:42  Medivac  
  153  20:43  Marine  
  153  20:44  Marine x2  
  147  20:50  Liberator  
  147  20:55  Liberator x2, Widow Mine  
  160  20:57  Widow Mine  
  160  20:59  SCV  
  160  21:00  SCV  
  160  21:01  SCV  
  163  21:10  Widow Mine, Marauder  
  154  21:12  Marine  
  154  21:13  SCV  
  154  21:16  Widow Mine  
  154  21:17  Orbital Command  
  155  21:19  Marine, Marauder  
  155  21:21  SCV  
  155  21:22  Marine  
  155  21:25  Marine  
  161  21:26  SCV  
  161  21:28  SCV  
  161  21:31  SCV  
  164  21:36  Orbital Command  
  164  21:39  Widow Mine  
  166  21:42  Missile Turret, Marine  
  166  21:45  Marine x2  
  166  21:48  Marine  
  166  21:52  Orbital Command  
  167  21:55  Marine, Widow Mine  
  167  21:59  SCV x3  
  158  22:11  Marauder, Widow Mine  
  158  22:12  Marine  
  158  22:13  Marine  
  158  22:14  Marine  
  158  22:15  Liberator  
  156  22:19  Ghost  
  156  22:20  Marine  
  162  22:23  Marine  
  162  22:28  Ghost  
  159  22:31  Widow Mine  
  159  22:34  Marauder, Marine x2  
  162  22:40  Liberator  
  162  22:42  Widow Mine  
  162  22:44  Widow Mine  
  166  22:45  Marine x2  
  166  22:47  Marine  
  166  22:48  Marine  
  155  22:53  Ghost, Widow Mine  
  155  22:57  Orbital Command  
  152  23:08  Liberator, Ghost  
  152  23:09  Ghost  
  146  23:14  Ghost, Widow Mine  
  146  23:15  Marine  
  149  23:21  Ghost  
  149  23:26  Widow Mine  
  151  23:27  Marine  
  151  23:29  Widow Mine  
  147  23:36  Widow Mine  
  147  23:37  Medivac  
  147  23:39  Marine x3  
  139  23:43  Medivac  
  139  23:47  Widow Mine  
  143  23:49  Medivac  
  143  23:50  Marine x2  
  143  23:51  Widow Mine  
  143  23:52  Marine  
  150  23:57  Marine, Widow Mine  
  150  23:59  Marauder  
  152  24:07  Medivac  
  152  24:09  Widow Mine  
  156  24:12  Widow Mine  
  159  24:18  Widow Mine  
  159  24:19  Medivac  
Tags
 
Add a new tag
Caveats
  • Supply blocks, unpowered buildings, or Contaminate may cause inaccurate times.
  • Supply counts are checked every 10 seconds.